AoeStats
← 懿

Arena

507198870Analyzed
4v4 RM · 15d ago on Sep 17, 2026· 59m 25s· 8 players
Game mode
Random Map
Map size
Large (8 player)
Population
200
Speed
Normal
Resources
Standard
Victory
Conquest
Starting age
Dark Age
Ending age
Imperial Age
RankedLock teamsTeams togetherTeam positionsShared explorationLock speedFull tech treeHidden civsTurbo modeCheats
Victory
Defeat
🇹🇼 Khmer · Taiwan
1184
+14
1142
+16
🇨🇳 Persians · China
1109
+17
🇨🇳 Bohemians · China
1048
+19
🇲🇽 Magyars · Mexico
1182
-19
🇨🇱 Khmer · Chile
1159
-18
🇺🇸 Vietnamese · United States
1105
-15
🇹🇼 Goths · Taiwan
1070
-14
傳奇商店
11:14 Feudal Age
14:35 Castle Age
12:46 Double-Bit Axe
12:59 Horse Collar
16:19 Loom
17:39 Bow Saw
19:42 Heavy Plow
24:08 Wheelbarrow
24:36 Gold Mining
25:05 Hand Cart
29:02 Imperial Age
28:00 Gold Shaft Mining
28:39 Forging
28:35 Scale Barding Armor
28:58 Tusk Swords
29:25 Bloodlines
29:16 Husbandry
30:18 Elite Battle Elephant
33:13 Iron Casting
33:00 Chain Barding Armor
34:17 Conscription
35:30 Blast Furnace
36:34 Plate Barding Armor
56:38 Spies/Treason
雅硬雅重
10:39 Feudal Age
14:18 Castle Age
12:43 Double-Bit Axe
13:37 Horse Collar
14:13 Loom
18:50 Wheelbarrow
19:55 Scale Barding Armor
20:56 Heavy Plow
21:33 Bow Saw
24:17 Hand Cart
24:25 Gold Mining
24:26 Stone Mining
25:50 Gold Shaft Mining
25:52 Stone Shaft Mining
26:07 Forging
30:43 Imperial Age
29:07 Iron Casting
28:52 Chain Barding Armor
28:10 Pikeman
28:50 Squires
29:17 Husbandry
29:28 Bloodlines
30:41 Ballistics
30:31 Masonry
30:45 Town Watch
33:33 Cavalier
34:45 Conscription
36:56 Savar
39:27 Careening
42:27 Kamandaran
42:21 Fletching
42:31 Padded Archer Armor
42:32 Scale Mail Armor
42:47 Crossbowman
43:33 Thumb Ring
45:10 Two-Man Saw
46:10 Plate Barding Armor
46:35 Blast Furnace
46:04 Leather Archer Armor
45:42 Light Cavalry
47:08 Hussar
49:36 Caravan
49:47 Guilds
50:08 Coinage
51:22 Bodkin Arrow
56:30 Spies/Treason
羽丘白色魅魔丰川祥子
10:31 Feudal Age
14:02 Castle Age
12:19 Double-Bit Axe
15:02 Bow Saw
15:00 Horse Collar
18:59 Wheelbarrow
18:56 Scale Mail Armor
18:55 Pikeman
18:58 Man-at-Arms
20:13 Squires
20:16 Long Swordsman
21:20 Chain Mail Armor
23:47 Forging
25:24 Hand Cart
27:13 Loom
26:57 Pikeman
30:19 Imperial Age
30:53 Iron Casting
31:38 Gold Mining
31:45 Stone Mining
31:57 Heavy Plow
31:21 Halberdier
32:48 Conscription
33:26 Ballistas
33:21 Town Watch
35:12 Chemistry
34:27 Heavy Scorpion
37:11 Blast Furnace
36:27 Siege Engineers
40:20 Fletching
51:27 Gold Shaft Mining
55:55 Bodkin Arrow
56:03 Town Patrol
56:28 Comitatenses
56:22 Masonry
56:23 Fortified Wall
56:33 Ballistics
56:09 Murder Holes
56:05 Guard Tower
56:22 Caravan
56:54 Coinage
56:35 Guilds
55:58 Legionary
56:04 Elite Centurion
58:16 Padded Archer Armor
58:23 Scale Barding Armor
58:50 Architecture
57:47 Spies/Treason
60:10 Fervor
60:00 Atonement
60:11 Redemption
60:01 Devotion
60:27 Illumination
59:58 Herbal Medicine
60:18 Block Printing
雅粗雅力
12:33 Feudal Age
14:54 Loom
17:51 Castle Age
17:27 Double-Bit Axe
17:22 Horse Collar
22:03 Wheelbarrow
21:33 Heavy Plow
21:45 Bow Saw
27:52 Ballistics
30:15 Imperial Age
28:34 Wagenburg Tactics
30:09 Chemistry
30:24 Murder Holes
30:40 Fortified Wall
30:13 Treadmill Crane
31:52 Hand Cart
31:40 Elite Hussite Wagon
35:33 Masonry
35:31 Siege Engineers
35:11 Arrowslits
35:55 Conscription
38:21 Architecture
44:37 Two-Man Saw
47:11 Squires
47:35 Forging
47:26 Scale Mail Armor
47:23 Arson
47:02 Pikeman
47:38 Halberdier
48:57 Iron Casting
50:57 Blast Furnace
50:12 Chain Mail Armor
Tachyon
10:52 Feudal Age
14:49 Castle Age
13:44 Double-Bit Axe
13:43 Horse Collar
16:10 Town Watch
17:35 Loom
21:35 Wheelbarrow
24:22 Hand Cart
29:22 Imperial Age
26:49 Fletching
27:00 Padded Archer Armor
27:24 Ballistics
26:59 Elite Skirmisher
27:37 Bodkin Arrow
27:29 Treadmill Crane
27:56 Squires
28:00 Scale Mail Armor
28:04 Heavy Plow
28:16 Bow Saw
27:59 Gold Mining
28:03 Stone Mining
29:34 Thumb Ring
30:22 Bracer
29:45 Imperial Skirmisher
32:06 Chemistry
31:48 Leather Archer Armor
32:46 Two-Man Saw
34:19 Ring Archer Armor
35:41 Chain Mail Armor
35:37 Forging
35:06 Elite Fire Lancer
37:54 Hoardings
38:26 Iron Casting
38:21 Plate Mail Armor
41:29 Siege Engineers
41:20 Murder Holes
46:59 Scale Barding Armor
47:14 Elite Battle Elephant
47:55 Husbandry
48:06 Bloodlines
48:59 Light Cavalry
ic.adelira
10:44 Feudal Age
15:11 Castle Age
15:27 Double-Bit Axe
20:55 Horse Collar
23:27 Bow Saw
24:38 Scale Barding Armor
24:27 Gold Mining
24:40 Heavy Plow
26:03 Chain Barding Armor
27:12 Wheelbarrow
29:38 Bloodlines
32:52 Imperial Age
32:08 Husbandry
33:05 Corvinian Army
33:35 Fletching
33:46 Padded Archer Armor
34:21 Plate Barding Armor
34:17 Parthian Tactics
34:34 Conscription
35:33 Bodkin Arrow
37:40 Bracer
37:53 Pikeman
38:39 Scale Mail Armor
41:48 Thumb Ring
42:54 Chemistry
懿
10:42 Feudal Age
15:47 Castle Age
13:39 Double-Bit Axe
13:39 Horse Collar
17:06 Bow Saw
17:00 Heavy Plow
22:34 Wheelbarrow
21:44 Loom
23:47 Gold Mining
25:28 Hand Cart
29:31 Imperial Age
27:53 Pikeman
28:34 Squires
27:55 Man-at-Arms
29:18 Forging
29:11 Scale Mail Armor
30:15 Anarchy
31:32 Iron Casting
31:12 Chain Mail Armor
33:19 Two-Man Saw
32:06 Elite Huskarl
32:26 Long Swordsman
32:28 Halberdier
33:21 Perfusion
44:49 Chemistry
44:10 Ballistics
43:47 Murder Holes
44:03 Masonry
EMPANADADEPICOQUESO
11:43 Feudal Age
14:50 Castle Age
12:53 Horse Collar
13:20 Double-Bit Axe
14:59 Wheelbarrow
16:03 Heavy Plow
18:56 Gold Mining
22:43 Gold Shaft Mining
23:07 Stone Mining
27:46 Imperial Age
25:33 Hand Cart
25:32 Loom
31:54 Double Crossbow
32:15 Conscription
31:45 Heavy Scorpion
33:01 Bow Saw
34:08 Chemistry
34:36 Ballistics
33:45 Light Cavalry
34:36 Bloodlines
34:26 Husbandry
36:07 Siege Engineers
36:42 Hussar
38:07 Forging
38:03 Scale Barding Armor
Connection lost

Rejoining the realm…

Still unreachable

The connection could not be restored.

Session expired

The server has moved on; the page needs a fresh start.